 Seeded DCSS version 0.28.0-56-g4927b6849a (webtiles) character file.

Game seed: 4150196362260988057 (custom seed)

26 djent the Magician (level 2, -1/19 HPs)
             Began as a Mummy Hedge Wizard on Jan 30, 2023.
             Slain by a goblin
             ... wielding a +0 dagger
              (3 damage)
             ... on level 1 of the Dungeon.
             The game lasted 00:04:50 (1221 turns).

djent the Magician (Mummy Hedge Wizard)             Turns: 1221, Time: 00:04:50

Health: -1/19      AC:  2    Str: 13    XL:     2   Next: 89%
Magic:  1/7        EV: 12    Int: 13    God:
Gold:   27         SH:  0    Dex: 11    Spells: 5/10 levels left

rFire   x . .      SeeInvis .   a - +0 dagger
rCold   + . .      Faith    .   (no shield)
rNeg    + + +      Spirit   .   b - +0 robe
rPois   ∞          Reflect  .   c - +0 hat
rElec   .          Harm     .   (no cloak)
rCorr   .          Rampage  .   (no gloves)
Will    .....                   (no boots)
Stlth   ++........              (no amulet)
HPRegen 0.06/turn               (no ring)
MPRegen 0.10/turn               (no ring)

@: very slightly contaminated
A: cold resistance 1, negative energy resistance 3, torment resistance 2, heat
vulnerability 1, no potions
a: no special abilities


You were on level 1 of the Dungeon.
You visited 1 branch of the dungeon, and saw 1 of its levels.

You collected 27 gold pieces.

Inventory:

Hand Weapons
 a - a +0 dagger (weapon)
Armour
 b - a +0 robe (worn)
 c - a +0 hat (worn)
Scrolls
 e - a scroll of enchant armour


   Skills:
 - Level 1.5 Dodging
 - Level 1.5 Stealth
 + Level 4.5 Spellcasting
 * Level 1.6 Conjurations
 * Level 1.1 Summonings
 - Level 0.7 Translocations


You had 5 spell levels left.
You knew the following spells:

 Your Spells              Type           Power      Damage    Failure   Level
a - Magic Dart            Conj           28%        1d4       10%         1
b - Call Imp              Summ           6%         N/A       19%         2
c - Blink                 Tloc           8%         N/A       22%         2

Your spell library contained the following spells:

 Spells                   Type           Power      Damage    Failure   Level
 Slow                     Hex            8%         N/A       21%         1
 Conjure Flame            Conj/Fire      5%         6-21      38%         3
 Mephitic Cloud           Conj/Pois/Air  4%         N/A       43%         3


Dungeon Overview and Level Annotations

Branches:
Dungeon (1/15)

Altars:

Shops:
D:1 [!


Innate Abilities, Weirdness & Mutations

You are immune to poison.
Your flesh is cold resistant. (rC+)
You are immune to negative energy. (rN+++)
You are immune to unholy pain and torment.
You are vulnerable to heat. (rF-)
You do not drink.


Message History

The goblin hits you with a +0 dagger. The hobgoblin misses you.
You barely miss the goblin.
The goblin is moderately wounded.
The goblin hits you but does no damage. The hobgoblin hits you.
You closely miss the goblin.
The goblin is moderately wounded.
The goblin hits you but does no damage. The hobgoblin hits you.
You hit the goblin but do no damage.
The goblin is moderately wounded.
The goblin hits you but does no damage. The hobgoblin closely misses you.
You hit the goblin but do no damage.
The goblin is moderately wounded.
The goblin completely misses you. The hobgoblin barely misses you.
You hit the goblin but do no damage.
The goblin is moderately wounded.
The goblin hits you with a +0 dagger.
* * * LOW HITPOINT WARNING * * *
The hobgoblin hits you.
* * * LOW HITPOINT WARNING * * *
You hit the goblin but do no damage.
The goblin is moderately wounded.
The goblin hits you with a +0 dagger.
* * * LOW HITPOINT WARNING * * *
The hobgoblin barely misses you.
You hit the goblin but do no damage.
The goblin is moderately wounded.
The goblin misses you. The hobgoblin closely misses you.
Casting: Magic Dart (safe; 10% risk of failure)
Confirm with . or Enter, or press ? or * to list all spells.
Aiming: Magic Dart (safe; 10% risk of failure)
Press: ? - help, Shift-Dir - straight line, f/p - goblin
Aim: a goblin, wielding a +0 dagger and wearing a +0 scale mail of cold resistance (moderately wounded, 100% to hit)
You miscast Magic Dart.
You are very lightly contaminated with residual magic.
Nothing appears to happen.
The goblin closely misses you. The hobgoblin closely misses you.
You closely miss the goblin.
The goblin is moderately wounded.
The goblin hits you with a +0 dagger.
You die...

#.# #)# #.#
###########
#.#
#^........
#.# .......#
#.# ......#
#.# .g..
#.########g#
#....(...g@#
############


You could see 2 hobgoblins and a goblin.

Vanquished Creatures
  2 dart slugs (D:1)
  A ball python (D:1)
  2 endoplasms (D:1)
  2 giant cockroaches (D:1)
  3 goblins (D:1)
  A hobgoblin (D:1)
  2 kobolds (D:1)
  2 quokkas (D:1)
  A frilled lizard (D:1)
  4 rats (D:1)
20 creatures vanquished.

Notes
Turn   | Place    | Note
-------+----------+-------------------------------------------
     0 | D:1      | djent the Mummy Hedge Wizard began the quest for the Orb.
     0 | D:1      | Reached XP level 1. HP: 13/13 MP: 5/5
   114 | D:1      | Reached skill level 1 in Conjurations
   475 | D:1      | Reached XP level 2. HP: 19/19 MP: 4/7
   515 | D:1      | Learned a level 2 spell: Call Imp
   518 | D:1      | Learned a level 2 spell: Blink
   689 | D:1      | Reached skill level 1 in Summonings
   960 | D:1      | Found Zolur's Distillery.
  1021 | D:1      | Found Vyeg's Armour Shoppe.
  1221 | D:1      | Slain by a goblin

Illustrated notes

Levels and vault maps discovered:
D:1:      dpeg_cavernosity, layout_loops_ring, serial_shops, shop, shop_statue,
          shop

Skill      XL: |  1  2 |
---------------+-------+-----
Conjurations   | 1 |  1.6
Summonings     | 1 |  1.1
Dodging        | |  1.5
Stealth        | |  1.5
Spellcasting   | |  4.5
Translocations | |  0.7

Action                   || total
-------------------------++-------
Melee: Dagger            ||    28
 Cast: Magic Dart        ||    49
  Use: Scroll            ||     1
 Stab: Sleeping          ||     3
Armor: Robe              ||    10
Dodge: Dodged            ||    28
